 Dungeon Crawl Stone Soup version 0.17-b1-18-g553e9fc (webtiles) character file.

12042 Arkorax the Grappler (level 11, 0/120 HPs)
             Began as a Troll Monk on Nov 4, 2015.
             Was a High Priest of Cheibriados.
             Slain by a komodo dragon (25 damage)
             ... on level 2 of the Lair of Beasts.
             The game lasted 00:31:01 (9639 turns).

Arkorax the Grappler (Troll Monk)                   Turns: 9639, Time: 00:31:01

Health: 0/120      AC:  7    Str: 36    XL:     11   Next: 57%
Magic:  10/10      EV: 10    Int: 20    God:    Cheibriados [*****.]
Gold:   548        SH:  0    Dex: 28    Spells: 1 memorised, 5 levels left

rFire  . . .     SeeInvis .       - Unarmed
rCold  . . .     Clarity  .     a - +0 robe
rNeg   . . .     SustAt   .     (no shield)
rPois  .         Gourm    +     (helmet restricted)
rElec  .         Spirit   .     C - +1 cloak {+Inv}
rCorr  .         Warding  .     (gloves unavailable)
rMut   .         Stasis   .     (boots unavailable)
MR     .....                    (no amulet)
Stlth  +++.......               D - ring of flight
                                v - +3 ring of evasion

@: very slow, not resistant to hostile enchantments, fairly stealthy
A: unfitting armour, claws 3, fast metabolism 3, gourmand, regeneration 2,
shaggy fur 1, tough skin 2
a: Bend Time, Temporal Distortion, Slouch, Step From Time, Renounce Religion,
Evoke Invisibility, Evoke Flight


You were on level 2 of the Lair of Beasts.
You worshipped Cheibriados.
Cheibriados was extremely pleased with you.
You were very full.

You visited 3 branches of the dungeon, and saw 12 of its levels.
You also visited: Ossuary.

You collected 633 gold pieces.
You spent 85 gold pieces at shops.

Inventory:

Hand Weapons
 y - a cursed +0 giant club
 P - a +1 morningstar of freezing
 V - a +0 executioner's axe
Missiles
 i - 8 tomahawks (quivered)
Armour
 a - a +0 robe (worn)
 C - a +1 cloak of invisibility (worn)
 K - a troll hide
Jewellery
 v - a +3 ring of evasion (left claw)
 D - a ring of flight (right claw)
 N - a +6 ring of intelligence {unknown}
Wands
 u - a wand of confusion (26)
 B - a wand of disintegration (13)
 O - a wand of slowing (23)
Scrolls
 c - 8 scrolls of remove curse
 e - 4 scrolls of identify
 g - 5 scrolls of noise
 h - 3 scrolls of magic mapping
 l - a scroll of immolation
 m - 2 scrolls of enchant weapon {unknown}
 n - 3 scrolls of random uselessness {unknown}
 p - 3 scrolls of blinking {unknown}
 x - 3 scrolls of teleportation
 G - 3 scrolls of brand weapon {unknown}
 L - 2 scrolls of recharging {unknown}
 S - a scroll of fear {unknown}
 W - a scroll of amnesia
Potions
 j - 2 potions of poison
 o - 3 potions of flight
 q - 3 potions of resistance
 r - 2 potions of haste {unknown}
 s - 2 potions of might {unknown}
 t - 3 potions of degeneration {unknown}
 A - 3 potions of agility
 E - a potion of ambrosia {unknown}
 F - a potion of cancellation {unknown}
 H - a potion of brilliance {unknown}
 I - a potion of magic {unknown}
 J - a potion of invisibility {unknown}
 R - a potion of heal wounds {unknown}
 T - a potion of lignification {unknown}
Books
 f - a book of Unlife

   Spells                             Type                      Level
   a - Recall                         Summoning/Translocation      3
   b - Animate Dead                   Necromancy                   4
   c - Control Undead                 Necromancy                   4
   d - Cigotuvi's Embrace             Necromancy                   5
   e - Death Channel                  Necromancy                   6
   f - Simulacrum                     Ice/Necromancy               6
 Q - a book of Fire

   Spells                             Type                      Level
   a - Ignite Poison                  Fire/Transmutation/Poison    3
   b - Fireball                       Conjuration/Fire             5
   c - Bolt of Fire                   Conjuration/Fire             6
   d - Delayed Fireball               Conjuration/Fire             7
   e - Ring of Flames                 Charms/Fire                  7
 U - Sif Muna's Almanac of the Mountains
   (You found it on level 1 of the Lair of Beasts)

   Spells                             Type                      Level
   a - Stone Arrow                    Conjuration/Earth            3
   b - Passwall                       Transmutation/Earth          3
   c - Shatter                        Earth                        9
Comestibles
 b - 10 bread rations
 k - 2 meat rations
 w - 2 royal jellies
 z - 6 beef jerkies
 M - 8 slices of pizza


   Skills:
 * Level 11.1 Fighting
 - Level 2.4 Dodging
 - Level 1.1 Stealth
 + Level 13.5 Unarmed Combat


You had 5 spell levels left.
You knew the following spells:

 Your Spells              Type           Power        Failure   Level  Hunger
a - Cigotuvi's Embrace    Necr           #.........   100%        5    ######.


Dungeon Overview and Level Annotations

Branches:
Dungeon (9/15)             Temple (1/1) D:7            Lair (2/8) D:8
    Orc: D:9-12

Altars:
Ashenzari
Cheibriados
Dithmenos
Elyvilon
Fedhas
Gozag
Kikubaaqudgha
Makhleb
Nemelex Xobeh
Okawaru
Qazlal
Ru
Sif Muna
Trog
Vehumet
Xom
Yredelemnul
Zin
The Shining One

Shops:
D:6 [   D:7 *

Portals:
Ice
Cave: Lair:2


Innate Abilities, Weirdness & Mutations

You are too large for most types of armour.
You have claws for hands.
Your metabolism is lightning-fast.
You like to eat raw meat.
You heal very quickly.
You are covered in fur (AC +1).
You have very tough skin (AC +2).


Message History

You feel better.
The blink frog blinks!
The river rat completely misses you. The blink frog closely misses you.
The porcupine bites you but does no damage.
Drink which item? (? for menu, Esc to quit)
You feel better. The river rat barely misses you. The blink frog hits you!
* * * LOW HITPOINT WARNING * * *
The porcupine bites you but does no damage.
The blink frog misses you.
Drink which item? (? for menu, Esc to quit)
You feel better.
Your surroundings suddenly seem different.
Found a stone staircase leading up.
A komodo dragon comes into view.
The komodo dragon hisses angrily.
You see here a chain mail.
A hell rat comes into view.
The hell rat roars!
There is a stone staircase leading up, spattered with blood here.
The komodo dragon bites you!!
You die...

##........................†.
.#...#................$......
#....#....÷.÷............†...
#............................
#............<................
..............................
..$..#...........)..#########.
............r......## ##
...........÷.@....## #
#..P.........l...##
...)........[...#
................#
................#
...............#
..............# ............#
...........#


You could see a komodo dragon and a hell rat.

Vanquished Creatures
  The ghost of Frontstab the Covert, a novice OpGl of Okawaru (D:6)
  4 spiny frogs (Lair:2)
  The ghost of Gargoyl the Skirmisher, a novice DsAK of Lugonu (Ossuary)
  A black mamba (Lair:1)
  A komodo dragon (Lair:1)
  3 blink frogs
  A wyvern (D:9)
  A deep elf mage (D:7)
  A basilisk (D:8)
  3 hippogriffs
  A hungry ghost (D:9)
  8 yaks (D:8)
  3 wolves
  A water moccasin (Lair:2)
  5 porcupines
  3 phantoms
  An ice beast (D:5)
  5 orc warriors
  2 necrophages (D:7)
  10 crocodiles
  6 centaurs
  An ogre (D:5)
  2 elf zombies (D:8)
  A big kobold (D:8)
  10 giant frogs
  An elf skeleton (D:8)
  6 scorpions
  A water moccasin skeleton (D:7)
  6 killer bees (D:7)
  5 wights (D:9)
  3 crimson imps
  3 human zombies (Ossuary)
  An orc priest (D:4)
  A centaur zombie (Ossuary)
  8 hounds
  A human skeleton (D:8)
  Natasha (thrice) (D:2)
  10 orc wizards
  8 iguanas
  3 worker ants
  A big kobold zombie (Ossuary)
  A hound zombie (D:6)
  A hound skeleton (D:5)
  3 mummies (Ossuary)
  16 gnolls
  4 scorpion zombies (Ossuary)
  9 adders
  25 river rats
  2 shadow imps
  An ooze (D:2)
  An adder zombie (D:5)
  2 worms
  6 giant geckos
  28 orcs
  9 bats
  6 giant cockroaches
  6 goblins
  11 hobgoblins
  11 jackals
  4 quokkas
  A giant gecko skeleton (D:7)
  5 giant newts
  2 gnoll zombies (Ossuary)
  4 goblin zombies (Ossuary)
  11 kobolds
  3 kobold zombies (Ossuary)
  An orc skeleton (D:8)
  An orc zombie (D:8)
  A quokka skeleton (D:8)
  11 rats
323 creatures vanquished.

Vanquished Creatures (others)
  A troll (D:9)
  3 bushes (D:8)
  3 fungi
  7 plants (D:8)
14 creatures vanquished.

Grand Total: 337 creatures vanquished

Notes
Turn   | Place    | Note
--------------------------------------------------------------
     0 | D:1      | Arkorax the Troll Monk began the quest for the Orb.
     0 | D:1      | Reached XP level 1. HP: 22/22 MP: 0/0
    89 | D:1      | Reached XP level 2. HP: 25/29 MP: 1/1
   387 | D:1      | Reached XP level 3. HP: 34/36 MP: 2/2
   720 | D:2      | Noticed Natasha
   729 | D:2      | Reached skill level 5 in Unarmed Combat
   731 | D:2      | Killed Natasha
   731 | D:2      | Reached XP level 4. HP: 45/45 MP: 3/3
   790 | D:2      | Noticed Natasha
   833 | D:2      | Killed Natasha
   919 | D:2      | Noticed Natasha
   925 | D:2      | Killed Natasha
  1189 | D:2      | Found a shimmering altar of Xom.
  1193 | D:2      | Reached XP level 5. HP: 53/53 MP: 4/4
  2167 | D:3      | Reached skill level 6 in Unarmed Combat
  2595 | D:4      | Reached XP level 6. HP: 48/62 MP: 5/5
  3294 | D:5      | Entered Level 5 of the Dungeon
  3451 | D:5      | Reached skill level 7 in Unarmed Combat
  3451 | D:5      | Reached XP level 7. HP: 20/71 MP: 6/6
  3751 | D:5      | Reached skill level 5 in Fighting
  4088 | D:6      | Reached skill level 8 in Unarmed Combat
  4174 | D:6      | Reached XP level 8. HP: 81/81 MP: 7/7
  4188 | D:6      | Noticed Frontstab's ghost (novice OpGl)
  4201 | D:6      | Killed Frontstab's ghost
  4201 | D:6      | Reached skill level 9 in Unarmed Combat
  4311 | D:6      | Found Niulishru's Antique Armour Emporium.
  4315 | D:6      | Bought a glowing cloak for 85 gold pieces
  4614 | D:6      | Found a radiant altar of Vehumet.
  4614 | D:6      | Found a sparkling altar of Nemelex Xobeh.
  4849 | D:7      | Reached skill level 10 in Unarmed Combat
  4849 | D:7      | Reached XP level 9. HP: 89/92 MP: 8/8
  4879 | D:7      | Found a staircase to the Ecumenical Temple.
  4896 | Temple   | Entered the Ecumenical Temple
  5339 | D:7      | Found a shattered altar of Ashenzari.
  5642 | D:7      | Reached skill level 11 in Unarmed Combat
  5874 | D:7      | Found a snail-covered altar of Cheibriados.
  5886 | D:7      | Became a worshipper of Cheibriados the Contemplative
  5886 | D:7      | Reached * piety under Cheibriados
  5886 | D:7      | Reached ** piety under Cheibriados
  5969 | D:7      | Found Welaisul's General Store.
  6117 | D:8      | Found a sand-covered staircase.
  6129 | Ossuary  | Entered an ossuary
  6215 | Ossuary  | Noticed Gargoyl's ghost (novice DsAK)
  6373 | Ossuary  | Killed Gargoyl's ghost
  6373 | Ossuary  | Reached XP level 10. HP: 80/104 MP: 9/9
  6582 | D:8      | Reached *** piety under Cheibriados
  6685 | D:8      | Reached skill level 12 in Unarmed Combat
  6727 | D:8      | Found a staircase to the Lair.
  6751 | D:8      | Learned a level 5 spell: Cigotuvi's Embrace
  6882 | D:8      | Reached **** piety under Cheibriados
  7043 | D:8      | Found a blossoming altar of Fedhas.
  7293 | D:8      | Found a glowing silver altar of Zin.
  7293 | D:8      | Noticed an angel
  8052 | D:9      | Reached skill level 10 in Fighting
  8320 | Lair:1   | Entered Level 1 of the Lair of Beasts
  8362 | Lair:1   | Reached XP level 11. HP: 113/117 MP: 10/10
  8381 | Lair:1   | Noticed a black mamba
  8389 | Lair:1   | Killed a black mamba
  8389 | Lair:1   | Reached ***** piety under Cheibriados
  8620 | Lair:1   | Identified Sif Muna's Almanac of the Mountains
  8791 | Lair:1   | Reached skill level 13 in Unarmed Combat
  9616 | Lair:2   | Found a frozen archway.
  9639 | Lair:2   | Slain by a komodo dragon

Action                   |  1- 3 |  4- 6 |  7- 9 | 10-12 || total
-------------------------+-------+-------+-------+-------++-------
Melee: Unarmed           |    98 |   209 |   307 |   324 ||   938
  Use: Scroll            |       |       |     7 |     8 ||    15
       Potion            |       |       |       |     6 ||     6
 Stab: Sleeping          |     2 |     5 |     6 |     3 ||    16
  Eat: Chunk             |    12 |    25 |    23 |    26 ||    86
       Bread ration      |       |       |       |     1 ||     1
